 Dungeon Crawl Stone Soup version 0.27.1-4-g1640c2035a (webtiles) character file.

Game seed: 17797876548117224209

59 BinkBink the Sneak (level 3, -8/18 HPs)
             Began as a Spriggan Brigand on Nov 1, 2021.
             Blown up by Ijyb (26 damage)
             ... with a mindburst bolt
             ... on level 3 of the Dungeon.
             The game lasted 00:07:16 (2941 turns).

BinkBink the Sneak (Spriggan Brigand)               Turns: 2941, Time: 00:07:16

Health: -8/18      AC:  3    Str:  7    XL:     3   Next: 78%
Magic:  5/5        EV: 17    Int: 12    God:
Gold:   70         SH:  0    Dex: 17    Spells: 3/3 levels left

rFire    . . .     SeeInvis +   m - +0 hunting sling
rCold    . . .     Faith    .   (shield restricted)
rNeg     . . .     Spirit   .   b - +0 robe
rPois    .         Reflect  .   (helmet restricted)
rElec    .         Harm     .   c - +0 cloak
rCorr    .         Rampage  .   (gloves unavailable)
Will     .....                  (boots unavailable)
Stlth    ++++......             (no amulet)
HPRegen  0.06/turn              (no ring)
MPRegen  0.09/turn              (no ring)

@: very quick
A: very small, no large weapons, unfitting armour, see invisible, speed 3
a: no special abilities


You were on level 3 of the Dungeon.
You visited 1 branch of the dungeon, and saw 3 of its levels.

You collected 70 gold pieces.

Inventory:

Hand Weapons
 a - a +2 dagger
 m - a +0 hunting sling (weapon)
Missiles
 d - 6 poisoned darts
 i - 16 stones (quivered ammo)
 q - 15 sling bullets
Armour
 b - a +0 robe (worn)
 c - a +0 cloak (worn)
Scrolls
 g - a scroll of identify {unknown}
 j - a scroll of acquirement {unknown}
 k - 2 scrolls of teleportation {unknown}
 o - a scroll of vulnerability {unknown}
 p - a scroll of summoning {unknown}
Potions
 e - a potion of might {unknown}
 f - 2 potions of haste {unknown}
 h - a potion of curing {unknown}
 l - a potion of brilliance {unknown}
 n - a potion of heal wounds {unknown}


   Skills:
 + Level 1.9 Fighting
 - Level 2.2 Short Blades
 * Level 1.7(2.4) Slings
 - Level 2.0(2.2) Throwing
 * Level 2.0 Dodging
 + Level 7.0 Stealth
 * Level 0.7 Spellcasting


You had 3 spell levels left.
You didn't know any spells.
Your spell library contained the following spells:

 Spells                   Type           Power      Damage    Failure   Level
 Ignite Poison            Fire/Tmut/Pois 0%         N/A       67%         3
 Blade Hands              Tmut           0%         N/A       100%        5
 Eringya's Noxious Bog    Tmut/Pois      0%         N/A       100%        6
 Statue Form              Tmut/Erth      0%         N/A       100%        6


Dungeon Overview and Level Annotations

Branches:
Dungeon (3/15)

Altars:

Annotations:
D:3 Ijyb


Innate Abilities, Weirdness & Mutations

You are very small and have problems with some larger weapons.
You are too small for most types of armour.
You have supernaturally acute eyesight. (SInv)
You cover ground extremely quickly. (Speed+++)


Message History

The worm is heavily wounded.
You shoot a stone. The stone barely misses the worm.
You shoot a stone.
The stone hits the worm but does no damage.
The worm is moderately wounded.
You shoot a stone. The stone hits the worm.
The worm is heavily wounded.
You shoot a stone. The stone barely misses the worm.
The worm barely misses you.
You shoot a stone.
The stone hits the worm but does no damage.
The worm is heavily wounded.
The worm misses you.
You shoot a stone. The stone hits the worm.
The worm is severely wounded.
You shoot a stone. The stone barely misses the worm.
The worm closely misses you.
You shoot a stone. The stone hits the worm.
The worm is almost dead.
The worm closely misses you.
You shoot a stone.
The stone hits the worm but does no damage.
The worm is almost dead.
You shoot a stone. The stone hits the worm.
You kill the worm!
Your Dodging skill increases to level 2!
i - 11 stones (gained 5)
k - 2 scrolls labelled OSOONAI DARHAI (gained 1)
i - 12 stones (gained 1)
i - 14 stones (gained 2)
i - 15 stones (gained 1)
i - 18 stones (gained 3) Ijyb the Twisted Goblin comes into view.
She is wielding a +0 dagger and carrying a wand of mindburst (16).
You see here a stone.
You shoot a stone. The stone hits Ijyb but does no damage.
Ijyb shouts!
You shoot a stone. The stone barely misses Ijyb.
Ijyb zaps a wand.
Your mind is blasted!
Ouch! That really hurt!
You die...

#......##....!.#
###.......#.......
#.........#.......
#.........#....#.###
#................#..
#####.....#...###....
#.........#........#
#......####......#.# ##
#..<........@......#..#
#......#####..........#
#......# #.......####.
#.......# #.......#
#.......# #......(#
##..............#..g...(.
#.####.........#.....#..
.. .........#.....#
.................


You could see Ijyb.

Vanquished Creatures
  An adder (D:2)
  2 worms
  A dart slug (D:2)
  A ball python (D:1)
  3 bats
  8 endoplasms
  A giant cockroach (D:1)
  3 goblins
  3 hobgoblins
  A jackal (D:2)
  8 kobolds
  2 quokkas
  A frilled lizard (D:2)
  A rat (D:2)
36 creatures vanquished.

Notes
Turn   | Place    | Note
-------+----------+-------------------------------------------
     0 | D:1      | BinkBink the Spriggan Brigand began the quest for the Orb.
     0 | D:1      | Reached XP level 1. HP: 10/10 MP: 2/2
    91 | D:1      | Reached skill level 6 in Stealth
   619 | D:1      | Reached XP level 2. HP: 15/15 MP: 3/3
   801 | D:1      | Got Iloxzom's Volume of Unstable Venom
  1663 | D:2      | Reached XP level 3. HP: 18/18 MP: 4/4
  1849 | D:2      | Reached skill level 7 in Stealth
  1856 | D:2      | Reached skill level 1 in Slings
  2934 | D:3      | Noticed Ijyb
  2941 | D:3      | Blown up by Ijyb

Illustrated notes

Levels and vault maps discovered:
D:1:      lemuel_arrival_river_ford, layout_loops_corners
D:2:      layout_basic, item_on_display_a
D:3:      layout_basic, tgw_sif, mainiacjoe_overflow_brackets,
          hellmonk_ecumenical_altar_inner_sanctum, roderic_serpentine_path,
          uniq_ijyb, uniq_crazy_yiuf_cottage

Skill      XL: |  1  2  3 |
---------------+----------+-----
Stealth        | 6 7 |  7.0
Slings         | 1 |  1.7
Dodging        | 2 |  2.0
Fighting       | |  1.9
Short Blades   | |  2.2
Throwing       | |  2.0
Spellcasting   | |  0.7

Action                   || total
-------------------------++-------
Melee: Dagger            ||   101
 Fire: Hunting sling     ||    40
Throw: Dart              ||    24
 Stab: Sleeping          ||    10
Armor: Robe              ||    10
Dodge: Dodged            ||    73
